 Dungeon Crawl Stone Soup version 0.31-a0-200-gbc41564c69 (webtiles) character file.

Game seed: 10685444614228986637

243 qw the Skirmisher (level 5, -5/30 HPs)
             Began as a Deep Elf Hunter on June 25, 2023.
             Slain by a scorpion (6 damage)
             ... on level 4 of the Dungeon.
             The game lasted 00:01:15 (2675 turns).

qw the Skirmisher (Deep Elf Hunter)                 Turns: 2675, Time: 00:01:16

Health: -5/30      AC:  6    Str: 10    XL:     5   Next: 82%
Magic:  7/7        EV: 16    Int: 14    God:
Gold:   271        SH:  0    Dex: 18    Spells: 4/4 levels left

rFire   . . .        Y - +0 shortbow
rCold   . . .        (shield currently unavailable)
rNeg    . . .        c - +0 ring mail
rPois   .            (no helmet)
rElec   .            l - +0 cloak
rCorr   .            (no gloves)
SInv    .            (no boots)
Will    .....        (no amulet)
Stlth   +            i - +5 ring of evasion
HPRegen 0.25/turn    (no ring)
MPRegen 0.10/turn

%: no passive effects
@: no status effects
A: no striking features
a: no special abilities


You were on level 4 of the Dungeon.
You visited 1 branch of the dungeon, and saw 4 of its levels.

You collected 271 gold pieces.


   Skills:
 - Level 2.1 Fighting
 + Level 9.1 Ranged Weapons
 - Level 2.4 Dodging
 - Level 1.2 Stealth


You had 4 spell levels left.
You didn't know any spells.
Your spell library was empty.

Inventory:

Hand Weapons
 Y - a +0 shortbow (weapon)
Armour
 c - a +0 ring mail (worn)
 l - a +0 cloak (worn)
Jewellery
 h - a ring of positive energy
 i - a +5 ring of evasion (left hand)
Scrolls
 f - a scroll of identify
Potions
 a - a potion of berserk rage {unknown}
 b - a potion of invisibility {unknown}
 d - 2 potions of curing
 e - a potion of attraction {unknown}
 g - a potion of ambrosia {unknown}
 j - a potion of mutation {unknown}

Dungeon Overview and Level Annotations

Branches:
Dungeon (4/15)
 Temple: D:4-7

Altars:
Ashenzari
Gozag
Wu Jian

Shops:
D:2 =


Message History

The slug dart misses you.
Your Fighting skill increases to level 2!
You shoot an arrow.
The arrow hits the scorpion but does no damage.
The scorpion is moderately wounded.
The scorpion stings you.
You shoot an arrow. The arrow barely misses the scorpion.
The scorpion barely misses you.
You shoot an arrow.
The arrow hits the scorpion but does no damage.
The scorpion is moderately wounded.
The scorpion stings you.
You are poisoned.
The scorpion poisons you!
The dart slug briefly extends its eye-stalks.
The dart slug launches a dart at you. The slug dart hits you.
The scorpion completely misses you.
You shoot an arrow.
The arrow hits the scorpion but does no damage.
The scorpion is moderately wounded.
You feel very sick. The scorpion barely misses you.
You shoot an arrow.
The arrow hits the scorpion but does no damage.
The scorpion is moderately wounded.
You feel sick. The scorpion closely misses you.
The dart slug launches a dart at you. The slug dart misses you.
You shoot an arrow. The arrow hits the scorpion.
The scorpion is heavily wounded.
You feel sick. The scorpion stings you. The scorpion closely misses you.
You shoot an arrow. The arrow closely misses the scorpion.
You feel sick. The scorpion barely misses you.
You shoot an arrow. The arrow closely misses the scorpion.
You feel sick. The scorpion stings you.
You shoot an arrow. The arrow closely misses the scorpion.
You feel sick.
You are no longer poisoned.
The scorpion barely misses you. The scorpion stings you.
You die...

###.......# #..........#########.
..........# #..........#.........
..........# #..........#....####.
..........###..........#.......#.
.......................+.........
.......######..........##......##
......................<##.###.##.
..........................#..##..
#####...........@s###+###...##...
#.........####%.(..# #.#......
#..........# w......#.#..#...
.............# .......#+#####..
[.............. ....... ##.
................ ....).. ##
................ ....... #
..#.........++# ..###.. #


You could see a scorpion and a dart slug.

Vanquished Creatures
  Jessica (D:3)
  Ijyb (D:3)
  An iguana (D:4)
  An orc wizard (D:3)
  5 adders
  A white imp (D:4)
  3 worms (D:2)
  3 dart slugs (D:2)
  2 orcs (D:3)
  10 ball pythons
  6 bats
  6 endoplasms
  2 giant cockroaches (D:1)
  11 goblins
  4 hobgoblins
  4 jackals (D:3)
  3 kobolds
  4 quokkas
  2 frilled lizards
  3 rats
73 creatures vanquished.

Notes
Turn   | Place    | Note
-------+----------+-------------------------------------------
     0 | D:1      | qw the Deep Elf Hunter began the quest for the Orb.
     0 | D:1      | Reached XP level 1. HP: 12/12 MP: 3/3
     0 | D:1      | 0 ||| qw: Version: 0.3-a-22-g0ed2b0b
     0 | D:1      | 0 ||| qw: Game counter: 5624
     0 | D:1      | 0 ||| qw: Melee chars always use a shield: true
     0 | D:1      | 0 ||| qw: God list: Okawaru
     0 | D:1      | 0 ||| qw: Allow faded altars: false
     0 | D:1      | 0 ||| qw: Do Orc after clearing Dungeon:15 true
     0 | D:1      | 0 ||| qw: Do second Lair branch before Depths: true
     0 | D:1      | 0 ||| qw: Lair rune preference: random
     0 | D:1      | 0 ||| qw: Goals: Normal
     0 | D:1      | 0 ||| PLANNING D:1-11
   172 | D:1      | Reached XP level 2. HP: 16/16 MP: 4/4
   191 | D:1      | Reached skill level 6 in Ranged Weapons
   361 | D:1      | Found a faded altar of an unknown god.
   642 | D:1      | 642 ||| DROPPING amulet of magic regeneration.
   643 | D:1      | 643 ||| READING scroll labelled FEIDIRCH SAZAWN.
   644 | D:1      | 644 ||| READING scroll labelled OQAENU YLAMAI.
   645 | D:1      | 645 ||| READING scroll labelled XECHY QIFIKUSENA.
   746 | D:1      | 746 ||| READING scroll labelled ORUIDDUDAQ.
   747 | D:1      | 747 ||| READING scroll labelled HUERGHIJODGHA.
   750 | D:1      | 750 ||| DROPPING scroll of butterflies.
   820 | D:2      | Reached XP level 3. HP: 20/20 MP: 5/5
   883 | D:2      | Found Loommon's Jewellery Boutique.
   910 | D:2      | Reached skill level 7 in Ranged Weapons
  1022 | D:2      | Reached XP level 4. HP: 25/25 MP: 6/6
  1127 | D:2      | 1127 ||| FLEEEEING.
  1129 | D:2      | 1129 ||| STAIRDANCE
  1148 | D:1      | 1148 ||| UPGRADING to +0 scale mail.
  1158 | D:1      | 1158 ||| DROPPING +0 leather armour.
  1159 | D:1      | 1159 ||| READING 2 scrolls labelled RAHOCIAGERCH.
  1160 | D:1      | 1160 ||| DRINKING 2 sapphire potions.
  1161 | D:1      | 1161 ||| DROPPING scroll of blinking.
  1335 | D:2      | 1335 ||| SHOPLISTING +4 ring of protection (468 gold, have
                  | 125).
  1335 | D:2      | 1335 ||| SHOPLISTING +5 ring of evasion (468 gold, have
                  | 125).
  1335 | D:2      | 1335 ||| SHOPLISTING ring of positive energy (260 gold,
                  | have 125).
  1335 | D:2      | 1335 ||| SHOPLISTING ring of protection from fire (325
                  | gold, have 125).
  1335 | D:2      | 1335 ||| SHOPLISTING ring of resist corrosion (260 gold,
                  | have 125).
  1430 | D:3      | Reached skill level 8 in Ranged Weapons
  1523 | D:3      | Found an ornate altar of the Wu Jian Council.
  1646 | D:3      | Noticed Ijyb
  1649 | D:3      | Paralysed by Ijyb for 4 turns
  1658 | D:3      | Killed Ijyb
  1710 | D:3      | Found an opulent altar of Gozag.
  1745 | D:3      | Reached XP level 5. HP: 29/29 MP: 7/7
  1798 | D:3      | HP: 6/29 [jackal (2)]
  1799 | D:3      | 1799 ||| READING scroll of teleportation.
  1929 | D:3      | 1929 ||| FLEEEEING.
  1930 | D:3      | 1930 ||| FLEEEEING.
  1931 | D:3      | 1931 ||| FLEEEEING.
  1932 | D:3      | 1932 ||| FLEEEEING.
  1933 | D:3      | 1933 ||| FLEEEEING.
  1934 | D:3      | 1934 ||| FLEEEEING.
  1935 | D:3      | 1935 ||| FLEEEEING.
  1936 | D:3      | 1936 ||| FLEEEEING.
  1937 | D:3      | 1937 ||| FLEEEEING.
  1938 | D:3      | 1938 ||| FLEEEEING.
  1939 | D:3      | 1939 ||| FLEEEEING.
  1940 | D:3      | 1940 ||| FLEEEEING.
  1941 | D:3      | 1941 ||| FLEEEEING.
  1942 | D:3      | 1942 ||| FLEEEEING.
  1943 | D:3      | 1943 ||| FLEEEEING.
  1944 | D:3      | 1944 ||| FLEEEEING.
  1945 | D:3      | 1945 ||| FLEEEEING.
  1946 | D:3      | 1946 ||| FLEEEEING.
  1947 | D:3      | 1947 ||| FLEEEEING.
  1948 | D:3      | 1948 ||| FLEEEEING.
  1949 | D:3      | 1949 ||| STAIRDANCE
  1969 | D:2      | 1969 ||| UPGRADING to +0 ring mail.
  1979 | D:2      | 1979 ||| DROPPING +0 scale mail.
  1980 | D:2      | 1980 ||| UPGRADING to +0 cloak.
  1985 | D:2      | 1985 ||| UPGRADING to +5 ring of evasion.
  1986 | D:2      | 1986 ||| READING 2 scrolls labelled SUDACI XESONI.
  1987 | D:2      | 1987 ||| READING scroll labelled XUISITWUTA.
  1988 | D:2      | 1988 ||| READING scroll labelled BAKUPU DOIRR.
  1989 | D:2      | 1989 ||| DROPPING scroll of summoning.
  2072 | D:3      | Noticed Jessica
  2074 | D:3      | 2074 ||| FLEEEEING.
  2075 | D:3      | 2075 ||| FLEEEEING.
  2077 | D:3      | 2077 ||| FLEEEEING.
  2078 | D:3      | 2078 ||| FLEEEEING.
  2079 | D:3      | 2079 ||| READING scroll of teleportation.
  2394 | D:3      | Killed Jessica
  2395 | D:3      | Reached skill level 9 in Ranged Weapons
  2533 | D:4      | Found a broken altar of Ashenzari.
  2671 | D:4      | HP: 7/30 [poisoned by a scorpion]
  2674 | D:4      | HP: 3/30 [scorpion (1)]
  2675 | D:4      | HP: 1/30 [poisoned by a scorpion]
  2675 | D:4      | Slain by a scorpion

Levels and vault maps discovered:
D:1:      tarquinn_simple_flora_water_c, layout_loops_ring,
          ebering_ecumenical_altar_mist, serial_park_tiny_pond
D:2:      kennysheep_the_goblin_king, layout_rooms, serial_shops,
          nicolae_shop_waterfront
D:3:      layout_loops_ring, nicolae_gozag_seed_capital,
          nicolae_wu_jian_wuxing_cycle, kennysheep_jessica_study, uniq_ijyb
D:4:      layout_basic, lemuel_round_altar, serial_bayou_pond_c,
          solitary_fountain, nicolae_figureground_pulse

Skill      XL: |  1  2  3  4  5 |
---------------+----------------+-----
Ranged Weapons | 6 7 8 9 |  9.1
Fighting       | 2 |  2.1
Dodging        | |  2.4
Stealth        | |  1.2

Action                     |  1- 3 |  4- 6 || total
---------------------------+-------+-------++-------
   Fire: Shortbow          |   113 |   147 ||   260
    Use: Scroll            |     5 |     6 ||    11
         Potion            |       |     1 ||     1
 Armour: Leather armour    |     7 |       ||     7
         Scale mail        |       |    24 ||    24
         Ring mail         |       |     3 ||     3
  Dodge: Dodged            |    13 |    60 ||    73

Table legend:
 A = Non-vault XP
 B = Vault XP
 C = Vault XP percentage of total XP
 D = Non-vault monster count
 E = Vault monster count
 F = Vault count percentage of total count
                 A         B        C        D         E       F
            +---------+---------+-------+---------+---------+-------
      Total |     260 |      88 |  25.3 |      63 |      10 |  13.7
            +---------+---------+-------+---------+---------+-------
        D:1 |      34 |       0 |   0.0 |      20 |       0 |   0.0
        D:2 |      83 |      13 |  13.5 |      19 |       7 |  26.9
        D:3 |      93 |      75 |  44.6 |      20 |       3 |  13.0
        D:4 |      50 |       0 |   0.0 |       4 |       0 |   0.0
            +---------+---------+-------+---------+---------+-------
